 Dungeon Crawl Stone Soup version 0.27-a0-237-g52650a7530 (webtiles) character file.

Game seed: 11350463115408909069

166 EnegeticOcto the Magician (level 5, -2/30 HPs)
             Began as a Deep Elf Hedge Wizard on Feb 2, 2021.
             Slain by Grinder (10 damage)
             ... while paralysed by Grinder
             ... on level 3 of the Dungeon.
             The game lasted 00:10:49 (3900 turns).

EnegeticOcto the Magician (Deep Elf Hedge Wizard)   Turns: 3900, Time: 00:10:49

Health: -2/30      AC:  3    Str:  8    XL:     5   Next: 22%
Magic:  4/13       EV:  2    Int: 19    God:
Gold:   99         SH:  0    Dex: 14    Spells: 2/12 levels left

rFire    + . .     SeeInvis .   f - +0 mace (protect)
rCold    + . .     Faith    .   (no shield)
rNeg     . . .     Spirit   .   j - +1 robe {rC+ rF+}
rPois    .         Reflect  .   c - +0 hat
rElec    .         Harm     .   (no cloak)
rCorr    .         Rampage  .   (no gloves)
Will     .....                  (no boots)
Stlth    ++........             (no amulet)
HPRegen  0.10/turn              k - ring of wizardry
MPRegen  0.13/turn              (no ring)

@: paralysed, lethally poisoned (-2 -> -6), very slightly contaminated
A: no striking features
a: no special abilities


You were on level 3 of the Dungeon.
You visited 1 branch of the dungeon, and saw 3 of its levels.
You also visited: Sewer.

You collected 99 gold pieces.

Inventory:

Hand Weapons
 a - a +0 dagger
 f - a +0 mace of protection (weapon)
   (You found it on level 1 of the Dungeon)
Missiles
 d - 127 stones
Armour
 b - a +0 robe
 c - a +0 hat (worn)
 j - a +1 robe of resistance (worn)
   (You found it on level 1 of the Dungeon)
Jewellery
 k - a ring of wizardry (left hand)
   (You found it on level 2 of the Dungeon)
Scrolls
 e - a scroll of enchant armour
 g - 4 scrolls of fear {!r}
 i - 2 scrolls of fog {unknown}
 l - 2 scrolls of teleportation {unknown}
 m - a scroll of remove curse {@r2}
 q - a scroll of blinking {unknown}
Potions
 h - a potion of degeneration
 n - a potion of might {unknown}
 o - a potion of curing {@q1 !q}
 p - a potion of magic {unknown}


   Skills:
 + Level 1.9 Fighting
 - Level 2.4 Dodging
 - Level 3.1 Stealth
 - Level 4.4 Spellcasting
 + Level 2.3 Conjurations
 + Level 2.9 Hexes
 - Level 3.0 Summonings
 - Level 1.1 Translocations


You had 2 spell levels left.
You knew the following spells:

 Your Spells              Type           Power        Failure   Level
a - Magic Dart            Conj           52%          1%          1
b - Call Imp              Summ           15%          2%          2
c - Slow                  Hex            15%          2%          2
d - Mephitic Cloud        Conj/Pois/Air  7%           12%         3
Y - Blink                 Tloc           N/A          5%          2

Your spell library contained the following spells:

 Spells                   Type           Power        Failure   Level
 Conjure Flame            Conj/Fire      8%           10%         3


Dungeon Overview and Level Annotations

Branches:
Dungeon (3/15)              Sewer (visited)

Altars:

Annotations:
D:3 Grinder


Message History

Confirm with . or Enter, or press ? or * to list all spells.
A shadowy apparition takes form in the air.
Your white imp gestures at the gnoll.
The puff of frost hits the gnoll.
You swap places.
Your white imp gestures at the gnoll.
The puff of frost hits the gnoll.
The gnoll barely misses your white imp.
Your shadow imp gestures at the gnoll.
The gnoll writhes in agony.
You see here a +0 dagger.
Your white imp hits the gnoll.
Your white imp freezes the gnoll.
The gnoll dies!
Magic restored.
Your shadow imp disappears in a puff of smoke!
A gnoll comes into view. It is wielding a +0 halberd.
Casting: Call Imp (safe; 2% risk of failure)
Confirm with . or Enter, or press ? or * to list all spells.
A beastly little devil appears in a puff of frigid air.
You swap places.
Casting: Call Imp (safe; 2% risk of failure)
Confirm with . or Enter, or press ? or * to list all spells.
A metallic apparition takes form in the air.
Your white imp hits the gnoll.
Your white imp freezes the gnoll.
The gnoll hits your white imp with a +0 halberd.
Your white imp hits the gnoll.
Your white imp freezes the gnoll.
The gnoll dies!
HP restored.
You swap places.
You see here a +0 dagger.
You see here a +0 halberd.
Items here: )) [ †.
Things that are here:
a +0 halberd; a gnoll corpse
q - a scroll labelled SUQABR HUZI You see here a rat corpse.
You see here a rat corpse.
There is a fountain of clear blue water here.
Your white imp disappears in a puff of smoke!
There is a fountain of clear blue water here.
There is a fountain of clear blue water here.
You see here an adder skeleton.
There is an escape hatch in the floor here.
Grinder comes into view.
Grinder shouts!
Grinder says, "Wait up."
Okay, then.
Okay, then.
Press: ? - help, v - describe, . - travel
Here: Grinder The floor.
Unknown command.
Unknown command.
Okay, then.
Okay, then.
Casting: Call Imp (safe; 2% risk of failure)
Confirm with . or Enter, or press ? or * to list all spells.
Aiming: Slow (safe; 2% risk of failure)
Press: ? - help, Shift-Dir - straight line, f - Grinder
Aim: Grinder (chance to affect: 51%) Grinder resists with significant effort.
Casting: Slow (safe; 2% risk of failure)
Confirm with . or Enter, or press ? or * to list all spells.
A beastly little devil appears in a puff of flame.
Grinder blinks!
Casting: Call Imp (safe; 2% risk of failure)
Confirm with . or Enter, or press ? or * to list all spells.
A metallic apparition takes form in the air.
An adder comes into view.
Your crimson imp hits Grinder.
Casting: Call Imp (safe; 2% risk of failure)
Confirm with . or Enter, or press ? or * to list all spells.
Aiming: Slow (safe; 2% risk of failure)
Press: ? - help, Shift-Dir - straight line, f/p - Grinder
Aim: Grinder (lightly wounded, chance to affect: 51%)
You miscast Slow.
You are very lightly contaminated with residual magic.
Nothing appears to happen.
Grinder blinks!
Your crimson imp misses Grinder.
Casting: Slow (safe; 2% risk of failure)
Confirm with . or Enter, or press ? or * to list all spells.
Aiming: Slow (safe; 2% risk of failure)
Press: ? - help, Shift-Dir - straight line, f/p - Grinder
Aim: Grinder (lightly wounded, chance to affect: 51%) Grinder resists with significant effort.
Your iron imp hits Grinder.
Grinder gestures at you.
You suddenly lose the ability to move!
Your crimson imp hits Grinder but does no damage.
Grinder hits you.
You writhe in agony.
Your iron imp misses Grinder.
Your crimson imp blinks!
Grinder gestures at you.
You struggle to resist.
Your iron imp closely misses Grinder.
Grinder hits you!
You writhe in agony.
Your iron imp hits Grinder!
The adder bites you.
* * * LOW HITPOINT WARNING * * *
You are poisoned.
The adder poisons you! Grinder gestures at you.
You struggle to resist.
The adder bites you but does no damage.
You feel sick.
Your iron imp hits Grinder.
Grinder hits you!
You die...

##. ..# ####.. #
##.....###.# #........#.
.......5.. .......S5# .##
.......5@# ###
..##.........#
...##..#.........#
....##.##......>##
.................# #
#.#.##...........#.#.
#<###..........#...########
## #.#
##.........##.......).# ##.
#..
##.........#####......###..


You could see Grinder, an adder, a friendly iron imp (summoned) and a friendly
crimson imp (summoned).

Vanquished Creatures
  2 river rats
  4 adders
  An ooze (D:1)
  A worm (D:3)
  2 leopard geckos
  5 ball pythons
  2 giant cockroaches
  2 goblins (D:1)
  5 hobgoblins
  5 jackals
  A quokka (D:2)
  3 bats
  5 frilled lizards (Sewer)
  3 kobolds
  8 rats
49 creatures vanquished.

Vanquished Creatures (collateral kills)
  A hound (D:3)
  4 gnolls (D:3)
  3 river rats (D:3)
  A worm (D:3)
  2 rats (Sewer)
11 creatures vanquished.

Grand Total: 60 creatures vanquished

Notes
Turn   | Place    | Note
-------+----------+-------------------------------------------
     0 | D:1      | EnegeticOcto the Deep Elf Hedge Wizard began the quest for
                  | the Orb.
     0 | D:1      | Reached XP level 1. HP: 10/10 MP: 7/7
   643 | D:1      | Reached skill level 3 in Stealth
   643 | D:1      | Reached XP level 2. HP: 10/15 MP: 0/9
   766 | D:1      | Reached skill level 2 in Conjurations
   769 | D:1      | Learned a level 2 spell: Call Imp
   772 | D:1      | Learned a level 2 spell: Blink
   775 | D:1      | Learned a level 2 spell: Slow
  1449 | D:2      | Reached skill level 2 in Summonings
  1562 | D:2      | Reached XP level 3. HP: 19/19 MP: 2/10
  2364 | D:3      | Learned a level 3 spell: Mephitic Cloud
  2462 | D:3      | Reached skill level 3 in Summonings
  2519 | D:3      | Reached skill level 1 in Hexes
  2629 | D:3      | Reached XP level 4. HP: 24/24 MP: 4/12
  2717 | D:3      | Reached skill level 1 in Fighting
  2741 | D:3      | Found a glowing drain.
  2824 | Sewer    | Entered a sewer
  3092 | Sewer    | Reached skill level 2 in Hexes
  3659 | D:3      | Reached XP level 5. HP: 21/30 MP: 8/13
  3890 | D:3      | Noticed Grinder
  3895 | D:3      | Paralysed by Grinder for 7 turns
  3900 | D:3      | Slain by Grinder

Illustrated notes

Levels and vault maps discovered:
D:1:      roderic_dead_forest, layout_basic
D:2:      layout_rooms, serial_bayou_crossing
D:3:      cheibrodos_helix_gallery, layout_rooms, serial_curves, eino_curves_02,
          eino_curves_01, lightli_sewer_entry_pipes, grunt_decor_mini_mirrors,
          nicolae_underground_beach, uniq_ijyb, uniq_crazy_yiuf_cottage,
          uniq_grinder

Skill      XL: |  1  2  3  4 |
---------------+-------------+-----
Stealth        | 3 |  3.1
Conjurations   | 2 |  2.3
Summonings     | 2 3 |  3.0
Hexes          | 1 2 |  2.9
Fighting       | 1 |  1.9
Dodging        | |  2.4
Spellcasting   | |  4.4
Translocations | |  1.1

Action                   |  1- 3 |  4- 6 || total
-------------------------+-------+-------++-------
Melee: Dagger            |     4 |       ||     4
       Mace              |     2 |    13 ||    15
 Cast: Magic Dart        |    87 |    47 ||   134
       Slow              |     2 |     3 ||     5
       Call Imp          |     4 |    20 ||    24
  Use: Potion            |     3 |     1 ||     4
       Scroll            |     6 |       ||     6
 Stab: Sleeping          |       |     1 ||     1
Armor: Robe              |     2 |    11 ||    13
Dodge: Dodged            |    16 |    30 ||    46

Table legend: (Time is in decaauts)
 A = Elapsed time spent in this place.
 B = Non-inter-level travel time spent in this place.
 C = Inter-level travel time spent in this place.
 D = Time resting spent in this place.
 E = Time spent auto-exploring this place.
 F = Levels seen in this place.
 G = Mean time per level.
                   A        B        C        D        E       F      G
               +--------+--------+--------+--------+--------+-----+--------+
         Total |   4027 |   3890 |    137 |   1151 |   1903 |   4 | 1006.8 |
       Dungeon |   3345 |   3208 |    137 |    875 |   1703 |   3 | 1115.0 |
         Sewer |    681 |    681 |      0 |    276 |    200 |   1 |  681.0 |
               +--------+--------+--------+--------+--------+-----+--------+

Top non-repeatable levels by time:
     D:1: 1443 daAuts
     D:3: 975 daAuts
     D:2: 927 daAuts
   Sewer: 681 daAuts
